 Dungeon Crawl Stone Soup version 0.24-a0-250-g6074511 (webtiles) character file.

Game seed: 14523866405010936555

12152 Borgoz the Slicer (level 11, 0/71 HPs)
             Began as a Gargoyle Gladiator on Apr 15, 2019.
             Was a Believer of Ashenzari.
             Killed by refrigeration
             ... invoked by Fannar
              (12 damage)
             ... on level 11 of the Dungeon.
             The game lasted 00:29:15 (11466 turns).

Borgoz the Slicer (Gargoyle Gladiator)             Turns: 11466, Time: 00:29:16

Health: 0/71       AC: 20    Str: 22    XL:     11   Next: 88%
Magic:  15/15      EV: 16    Int:  9    God:    Ashenzari [**....]
Gold:   599        SH:  0    Dex: 23    Spells: 10/10 levels left

rFire    . . .     SeeInvis .   a - +1 rapier (venom)
rCold    . . .     Gourm    .   (no shield)
rNeg     + . .     Faith    .   D - +1 scale mail "Huecedug" {Str+4 Dex+3}
rPois    ∞         Spirit   .   c - +0 helmet
rElec    +         Reflect  .   o - +1 cloak
rCorr    .         Harm     .   (no gloves)
MR       .....                  (no boots)
Stlth    +.........             y - amulet of rage
HPRegen  0.21/turn              m - +4 ring of dexterity
MPRegen  0.14/turn              F - +2 ring of dexterity

@: no status effects
A: negative energy resistance 1, electricity resistance, unbreathing,
petrification resistance, rot immunity, AC +8
a: Curse Item, Scrying, Renounce Religion, Evoke Berserk Rage


You were on level 11 of the Dungeon.
You worshipped Ashenzari.
Ashenzari was pleased with you.
You were near starving.

You visited 2 branches of the dungeon, and saw 12 of its levels.

You collected 599 gold pieces.

Inventory:

Hand Weapons
 a - a +1 rapier of venom (weapon)
 b - a +1 rapier
 d - a +0 rapier
Armour
 c - a +0 helmet (worn)
 o - a +1 cloak (worn)
 x - a +1 leather armour of fire resistance
 D - the +1 scale mail "Huecedug" (worn) {Str+4 Dex+3}
   (You found it on level 6 of the Dungeon)

   It affects your strength (+4).
   It affects your dexterity (+3).
Jewellery
 e - an uncursed amulet of regeneration
 m - a +4 ring of dexterity (left hand)
 t - an uncursed ring of protection from magic
 u - an uncursed ring of wizardry
 y - an amulet of rage (around neck)
 F - a +2 ring of dexterity (right hand)
 I - a +2 ring of evasion
 K - an uncursed ring of wizardry
 M - an uncursed ring of positive energy
 O - an uncursed ring of protection from fire
Wands
 r - a wand of scattershot (2)
 s - a wand of flame (35)
 L - a wand of iceblast (11)
Scrolls
 h - a scroll of enchant armour
 l - 4 scrolls of remove curse
 n - 2 scrolls of enchant weapon
 A - 6 scrolls of teleportation
 C - 3 scrolls of magic mapping
 E - 2 scrolls of amnesia
 H - 2 scrolls of fog
Potions
 g - a potion of might {unknown}
 i - a potion of invisibility
 k - a potion of heal wounds
 p - a potion of brilliance
 q - 3 potions of haste
 v - a potion of berserk rage
 z - a potion of flight
 B - 3 potions of cancellation
 G - 2 potions of ambrosia
 J - 2 potions of curing
 N - a potion of agility {unknown}
Comestibles
 f - 18 rations


   Skills:
 + Level 9.3 Fighting
 + Level 10.4 Short Blades
 - Level 1.7 Throwing
 + Level 7.8 Armour
 + Level 7.3 Dodging
 + Level 5.9 Evocations


You had 10 spell levels left.
You didn't know any spells.
Your spell library was empty.

Dungeon Overview and Level Annotations

Branches:
Dungeon (11/15)            Temple (1/1) D:6            Lair (0/6) D:8
    Orc (0/2) D:9

Altars:
Ashenzari
Cheibriados
Dithmenos
Elyvilon
Fedhas
Gozag
Hepliaklqana
Kikubaaqudgha
Makhleb
Nemelex Xobeh
Okawaru
Qazlal
Ru
Sif Muna
Trog
Uskayaw
Vehumet
Wu Jian
Xom
Yredelemnul
Zin
The Shining One
Beogh

Shops:
D:9 *

Annotations:
D:11 Fannar


Innate Abilities, Weirdness & Mutations

You are resistant to torment.
Your stone body is resilient. (AC +8)
You are immune to poison.
You resist negative energy. (rN+)
You are resistant to electric shocks. (rElec)
You can survive without breathing.
You are immune to petrification.
You are immune to rotting.


Message History

The ice beast is lightly wounded.
The ice beast hits you. The ice beast freezes you.
Fannar mumbles some strange words.
Fannar drains the heat from the surrounding environment!
You feel very cold.
You hit the ice beast.
The ice beast is moderately wounded.
The ice beast barely misses you. The ice beast hits you.
The ice beast freezes you!
* * * LOW HITPOINT WARNING * * *
The ice beast hits you but does no damage.
Fannar gestures wildly while chanting.
Fannar drains the heat from the surrounding environment!
You feel very cold.
* * * LOW HITPOINT WARNING * * *
The ice beast hits you but does no damage.
Fannar gestures wildly while chanting.
Fannar drains the heat from the surrounding environment!
You feel very cold.
You die...

######........#,#######..# ,
#.............#, ,, .##,,
#........÷....#,, * # ,
#.............#,, * #
#.............# ,, .####
#.............#,,, ,*##.....
,#.............# , *.......
,
#.............#####{*.......
,
#..............@.Y###.......
#................Y.§eY......
#.........############......
##........#, ,{ ,* .....
,,#........# , , , ,** #.##
* ## * , , ,, *,# , , , , ,
* * *,,, ,,,,, , , ,, , , ,,


You could see Fannar and 3 ice beasts.

Vanquished Creatures
  Erica (D:9)
  A two-headed ogre (D:8)
  Sonja (D:10)
  An ugly thing (D:11)
  An elephant (D:8)
  A gargoyle (D:10)
  A komodo dragon (D:10)
  2 trolls
  Grinder (D:3)
  A hornet (D:8)
  2 hippogriffs
  A wyvern (D:8)
  2 wraiths (D:10)
  4 yaks (D:9)
  Eustachio (D:4)
  A hungry ghost (D:10)
  Menkaure (D:4)
  Edmund (D:4)
  5 ice beasts
  5 orc warriors
  3 necrophages (D:10)
  3 phantoms
  An eye of draining (D:10)
  5 sky beasts
  4 ogres
  4 centaurs
  2 crocodiles (D:8)
  2 big kobolds
  A gnoll sergeant (D:10)
  5 bullfrogs
  12 killer bees (D:10)
  A scorpion (D:5)
  4 wights
  3 howler monkeys
  10 crimson imps
  A quasit (D:8)
  A bullfrog zombie (D:5)
  2 hounds (D:6)
  9 jellies
  8 orc wizards
  A bullfrog skeleton (D:7)
  2 centaur skeletons (D:10)
  8 orc priests
  Jessica (D:2)
  4 iguanas
  Ijyb (D:3)
  Natasha (thrice) (D:2)
  4 worker ants
  A killer bee zombie (D:10)
  2 hound zombies
  2 hound skeletons
  Robin (D:3)
  2 worker ant zombies
  7 gnolls
  12 adders
  2 shadow imps
  5 oozes (D:9)
  2 adder zombies
  An adder skeleton (D:9)
  3 worms
  2 dart slugs
  8 leopard geckos
  59 orcs
  A ball python (D:2)
  11 bats
  8 giant cockroaches
  9 goblins
  7 hobgoblins
  2 jackals (D:2)
  5 quokkas
  3 frilled lizards
  A jackal zombie (D:5)
  11 kobolds
  3 leopard gecko skeletons
  A leopard gecko zombie (D:6)
  8 rats
318 creatures vanquished.

Vanquished Creatures (others)
  An orc (D:7)
  A quokka (D:7)
2 creatures vanquished.

Grand Total: 320 creatures vanquished

Notes
Turn   | Place    | Note
-------+----------+-------------------------------------------
     0 | D:1      | Borgoz the Gargoyle Gladiator began the quest for the Orb.
     0 | D:1      | Reached XP level 1. HP: 12/12 MP: 1/1
   128 | D:1      | Reached XP level 2. HP: 14/17 MP: 2/2
   224 | D:1      | Reached skill level 3 in Short Blades
   535 | D:2      | Reached XP level 3. HP: 22/22 MP: 3/3
   644 | D:2      | Noticed Natasha
   659 | D:2      | Killed Natasha
   792 | D:2      | Reached XP level 4. HP: 20/27 MP: 4/4
   811 | D:2      | Noticed Natasha
   823 | D:2      | Killed Natasha
   823 | D:2      | Reached skill level 1 in Armour
  1017 | D:2      | Noticed Jessica
  1027 | D:2      | Killed Jessica
  1209 | D:2      | Reached XP level 5. HP: 32/32 MP: 5/5
  1274 | D:2      | Noticed Natasha
  1290 | D:2      | Killed Natasha
  1290 | D:2      | Reached skill level 4 in Short Blades
  1697 | D:3      | Found a shattered altar of Ashenzari.
  1709 | D:3      | Became a worshipper of Ashenzari the Shackled
  1755 | D:3      | Noticed an ice beast
  1767 | D:3      | Killed an ice beast
  1767 | D:3      | Reached XP level 6. HP: 30/37 MP: 6/6
  1786 | D:3      | Noticed Ijyb
  1809 | D:3      | Killed Ijyb
  1991 | D:3      | Noticed Robin
  2033 | D:3      | Killed Robin
  2033 | D:3      | Reached skill level 5 in Short Blades
  2098 | D:3      | Noticed Grinder
  2120 | D:3      | Killed Grinder
  2120 | D:3      | Reached XP level 7. HP: 30/42 MP: 7/7
  2327 | D:4      | Noticed Menkaure
  2333 | D:4      | Killed Menkaure
  2333 | D:4      | Reached skill level 6 in Short Blades
  2353 | D:4      | Noticed a water elemental
  2355 | D:4      | Found a stormy altar of Qazlal.
  2357 | D:4      | Noticed an air elemental
  2357 | D:4      | Noticed a fire elemental
  2447 | D:4      | Noticed Eustachio
  2460 | D:4      | Killed Eustachio
  2460 | D:4      | Reached XP level 8. HP: 44/48 MP: 8/8
  2937 | D:4      | Found a blossoming altar of Fedhas.
  2937 | D:4      | Noticed Edmund
  2955 | D:4      | Killed Edmund
  2955 | D:4      | Reached skill level 7 in Short Blades
  3052 | D:5      | Entered Level 5 of the Dungeon
  3067 | D:5      | Reached skill level 5 in Fighting
  3319 | D:5      | Reached * piety under Ashenzari
  3588 | D:5      | Reached XP level 9. HP: 48/55 MP: 9/9
  3611 | D:5      | Reached skill level 8 in Short Blades
  3886 | D:5      | Found a snail-covered altar of Cheibriados.
  3992 | D:5      | Found a glowing silver altar of Zin.
  4239 | D:6      | Got the uncursed scale mail "Huecedug" {Str+4 Dex+3}
  4250 | D:6      | Identified the +1 scale mail "Huecedug" {Str+4 Dex+3} (You
                  | found it on level 6 of the Dungeon)
  4255 | D:6      | Found a staircase to the Ecumenical Temple.
  4319 | Temple   | Entered the Ecumenical Temple
  4413 | D:6      | Found a radiant altar of Vehumet.
  4413 | D:6      | Found a bloodstained altar of Trog.
  4466 | D:6      | Reached skill level 1 in Evocations
  4606 | D:6      | Reached skill level 5 in Dodging
  5454 | D:7      | Found a white marble altar of Elyvilon.
  6083 | D:8      | Reached skill level 9 in Short Blades
  6152 | D:8      | Noticed a two-headed ogre
  6158 | D:8      | Killed a two-headed ogre
  6158 | D:8      | Reached skill level 5 in Armour
  6158 | D:8      | Reached XP level 10. HP: 32/63 MP: 10/12
  6639 | D:8      | Noticed an elephant
  6679 | D:8      | Killed an elephant
  7055 | D:8      | Found a staircase to the Lair.
  7245 | D:8      | Reached ** piety under Ashenzari
  8703 | D:9      | Noticed Erica
  8738 | D:9      | Killed Erica
  8738 | D:9      | Reached XP level 11. HP: 38/68 MP: 14/14
  9213 | D:9      | Found a roughly hewn altar of Beogh.
  9214 | D:9      | Found a staircase to the Orcish Mines.
  9554 | D:9      | Reached skill level 10 in Short Blades
  9608 | D:9      | Found Sedeomp's General Store.
  9703 | D:10     | Entered Level 10 of the Dungeon
  9747 | D:10     | Reached skill level 5 in Evocations
 10591 | D:10     | Noticed Sonja
 10616 | D:10     | Killed Sonja
 11153 | D:11     | Noticed a red ugly thing
 11172 | D:11     | Killed a red ugly thing
 11435 | D:11     | Noticed Fannar
 11466 | D:11     | Killed from afar by Fannar

Levels and vault maps discovered:
D:1:      lightli_arrival_windingriver, layout_basic
D:2:      layout_basic, uniq_jessica, uniq_natasha
D:3:      layout_rooms, evilmike_ruin_ashenzari, uniq_ijyb, uniq_robin,
          uniq_grinder
D:4:      layout_loops_cross, fedhas_altar_fruit_tree,
          nicolae_qazlal_style_of_elements, first_ration, eino_tiny_chamber,
          serial_park_tiny_2, minmay_fountain_box, uniq_menkaure, uniq_edmund,
          uniq_eustachio
D:5:      kennysheep_windowed_halls, layout_loops_ring, zin_statuary,
          lemuel_coloured_pillars_altar
D:6:      layout_basic, gammafunk_temple_overflow_elements,
          minmay_temple_entry_mini_moons, minmay_misc_feat_plants
D:7:      layout_basic, basic_altar, roderic_lattice_a, lemuel_flamethrower_2
D:8:      layout_basic, david_lair_generic
D:9:      layout_small_grid, david_orc_5, serial_shops, shop_statue,
          hangedman_little_slice_of_home, minmay_misc_feat_x, uniq_erica
D:10:     minmay_skewed_foursquare, layout_irregular_city, serial_undead,
          serial_undead_e, serial_undead_e, serial_undead_e, serial_undead_c,
          uniq_sonja
D:11:     layout_irregular_city, uniq_fannar
Temple:   nicolae_temple_x_marks_the_god

Skill      XL: |  1  2  3  4  5  6  7  8  9 10 11 |
---------------+----------------------------------+-----
Short Blades   | 3 4 5 6 7 9 10 | 10.4
Fighting       | 3 4 5 7 8 9 |  9.3
Armour         | 1 2 3 5 6 7 |  7.8
Dodging        | 3 4 5 6 7 |  7.3
Evocations     | 3 4 5 |  5.9
Throwing       | |  1.7

Action                   |  1- 3 |  4- 6 |  7- 9 | 10-12 || total
-------------------------+-------+-------+-------+-------++-------
Melee: Rapier            |    66 |   170 |   428 |   402 ||  1066
       Dagger            |       |       |   224 |   598 ||   822
Throw: Throwing net      |     2 |     2 |     1 |     2 ||     7
 Abil: Evoke Berserk Rag |       |       |       |     1 ||     1
Evoke: Wand              |       |       |     5 |     7 ||    12
  Use: Scroll            |       |       |    14 |     5 ||    19
       Potion            |       |       |     1 |     2 ||     3
 Stab: Sleeping          |     1 |       |     2 |       ||     3
       Held in net/web   |       |       |     1 |     3 ||     4
  Eat: Chunk             |       |     4 |    11 |    20 ||    35
       Ration            |       |       |     1 |       ||     1
Armor: Leather armour    |    30 |    55 |   104 |       ||   189
       Scale mail        |       |       |    73 |   379 ||   452
Dodge: Dodged            |    56 |   101 |   307 |   703 ||  1167

Table legend:
 A = Non-vault XP
 B = Vault XP
 C = Vault XP percentage of total XP
 D = Non-vault monster count
 E = Vault monster count
 F = Vault count percentage of total count
                 A         B        C        D         E       F
            +---------+---------+-------+---------+---------+-------
      Total |   11832 |    5528 |  31.8 |     242 |      76 |  23.9
            +---------+---------+-------+---------+---------+-------
        D:1 |      19 |       0 |   0.0 |      10 |       0 |   0.0
        D:2 |     110 |      73 |  39.9 |      20 |       2 |   9.1
        D:3 |     190 |     339 |  64.1 |      21 |      11 |  34.4
        D:4 |     525 |     537 |  50.6 |      14 |       3 |  17.6
        D:5 |     587 |     309 |  34.5 |      26 |      14 |  35.0
        D:6 |     953 |       0 |   0.0 |      36 |       0 |   0.0
        D:7 |     866 |       0 |   0.0 |      24 |       0 |   0.0
        D:8 |    2560 |     942 |  26.9 |      26 |       4 |  13.3
        D:9 |    1346 |    1674 |  55.4 |      12 |      32 |  72.7
       D:10 |    3153 |    1654 |  34.4 |      45 |      10 |  18.2
       D:11 |    1523 |       0 |   0.0 |       8 |       0 |   0.0
            +---------+---------+-------+---------+---------+-------
